 Dungeon Crawl Stone Soup version 0.21-a0-51-gea492e9 (webtiles) character file.

87 grindst0ne the Skirmisher (level 4, 39/41 HPs)
             Began as a Ghoul Monk on June 12, 2017.
             Was a Believer of Trog.
             Safely got out of the dungeon.
             The game lasted 00:04:03 (1966 turns).

grindst0ne the Skirmisher (Ghoul Monk)              Turns: 1966, Time: 00:04:04

Health: 39/41      AC: 12    Str: 14    XL:     4   Next: 51%
Magic:  3/3        EV:  6    Int:  5    God:    Trog [**....]
Gold:   68         SH:  0    Dex: 12    Spells: 3/3 levels left

rFire    . . .     SeeInvis .     - Unarmed
rCold    + . .     Gourm    .   (no shield)
rNeg     + + +     Faith    .   n - +3 chain mail
rPois    ∞         Spirit   .   g - +0 helmet
rElec    .         Reflect  .   (no cloak)
rCorr    .         Harm     .   (no gloves)
MR       .....                  (no boots)
Stlth    ..........             (no amulet)
Regen    0.0/turn               (no ring)
MPRegen  0.1/turn               (no ring)

@: rotting
A: rotting body, claws 1, carnivore 3, cold resistance 1, negative energy
resistance 3, inhibited regeneration, torment resistance, unbreathing
a: Trog's Hand, Burn Spellbooks, Renounce Religion


You escaped.
You worshipped Trog.
Trog was pleased with you.
You were not hungry.

You visited 1 branch of the dungeon, and saw 2 of its levels.

You collected 68 gold pieces.

Inventory:

Armour
 a - a +0 robe
 g - a +0 helmet (worn)
 l - a +0 chain mail
 n - a +3 chain mail (worn)
Jewellery
 e - an uncursed amulet of magic regeneration {unknown}
Scrolls
 d - a scroll of fog {unknown}
 i - a scroll of identify {unknown}
 k - 2 scrolls of magic mapping {unknown}
 m - a scroll of remove curse {unknown}
Potions
 c - a potion of invisibility {unknown}
 f - 2 potions of magic {unknown}
 h - a potion of heal wounds {unknown}
 j - a potion of might {unknown}
Comestibles
 b - a meat ration
 o - 2 chunks of flesh


   Skills:
 + Level 4.7 Fighting
 - Level 2.6 Dodging
 - Level 2.1 Stealth
 + Level 4.5 Unarmed Combat


You had 3 spell levels left.
You didn't know any spells.

Dungeon Overview and Level Annotations

Branches:
Dungeon (2/15)

Altars:
Trog


Innate Abilities, Weirdness & Mutations

Your body is rotting away.
You thrive on raw meat.
You are immune to poison.
You have sharp fingernails.
You are carnivorous and can eat meat at any time.
Your flesh is cold resistant. (rC+)
You are immune to negative energy. (rN+++)
You do not regenerate when monsters are visible.
You are immune to unholy pain and torment.
You can survive without breathing.


Message History

The bat hits you but does no damage. x2
You claw the bat!
You kill the bat!
Trog accepts your kill.
You see here a bat corpse.
The frilled lizard unfolds its giant frill.
The frilled lizard bites you but does no damage.
The frilled lizard unfolds its giant frill.
The frilled lizard barely misses you.
The frilled lizard bites you but does no damage.
The frilled lizard bites you but does no damage.
There is an open door here.
There is an open door here.
There is a staircase leading out of the dungeon here.
You can't go down here!
Are you sure you want to leave the Dungeon?
This will make you lose the game!
Alright, then stay!
Are you sure you want to leave the Dungeon?
This will make you lose the game!
The frilled lizard bites you but does no damage.
You have escaped!

......)....###########..........#
........####.........####†......#
....#####...####'####...##......#
###.# ##.#### #...# ####.##.#....
#...###.## #...# ##.#.....>
###..##.########'### ####.##...#.
..#..#.##≈..##.....###.≈##.#...#.
#.#..#.#≈≈..#...l...#.§§≈#.#...#.
.......#≈§..'...@...'..§≈#.....#.
#.#.##.#≈≈..#.......#..≈≈#.##..#l
..#.##.##≈..##.....###.§##.##..#)
###.###.########'### ####.##.....
#...# #.## #...# ##.###..#. ###.#
##.#### #...# ####.## #..#. ....#
##...####'####...## ##.#. ...##
####.........#### #... ####
###################...


You could see a frilled lizard.

Vanquished Creatures
  Robin (D:2)
  3 adders (D:2)
  2 leopard geckos (D:2)
  4 giant cockroaches
  10 goblins
  9 hobgoblins
  3 kobolds
  2 quokkas (D:2)
  4 bats
  3 frilled lizards
  2 rats (D:1)
43 creatures vanquished.

Notes
Turn   | Place    | Note
-------+----------+-------------------------------------------
     0 | D:1      | grindst0ne the Ghoul Monk began the quest for the Orb.
     0 | D:1      | Reached XP level 1. HP: 19/19 MP: 0/0
   246 | D:1      | Reached XP level 2. HP: 19/26 MP: 1/1
   875 | D:2      | Reached XP level 3. HP: 13/33 MP: 2/2
   937 | D:2      | Noticed Robin
  1146 | D:2      | Killed Robin
  1327 | D:2      | Reached XP level 4. HP: 41/41 MP: 3/3
  1870 | D:2      | Found a bloodstained altar of Trog.
  1882 | D:2      | Became a worshipper of Trog the Wrathful
  1882 | D:2      | Reached * piety under Trog
  1882 | D:2      | Reached ** piety under Trog
  1966 | D:$      | Safely got out of the dungeon.

Vault maps used:
D:1:      dpeg_arrival_another_circle, minmay_parallelograms,
          minmay_misc_feat_roman, grunt_decor_one_mirror,
          grunt_decor_mini_mirrors
D:2:      bloody_trog, uniq_robin

Skill      XL: |  1  2  3 |
---------------+----------+-----
Fighting       | 4 |  4.7
Unarmed Combat | 4 |  4.5
Dodging        | |  2.6
Stealth        | |  2.1

Action                   |  1- 3 |  4- 6 || total
-------------------------+-------+-------++-------
Melee: Unarmed           |    98 |    38 ||   136
       Punch             |     1 |       ||     1
 Stab: Distracted        |     1 |       ||     1
       Sleeping          |     1 |       ||     1
  Eat: Chunk             |     6 |     1 ||     7
Armor: Robe              |    16 |     1 ||    17
       Chain mail        |       |    33 ||    33
Dodge: Dodged            |    55 |     9 ||    64
